 Dungeon Crawl Stone Soup version 0.18-a0-1514-g6ed9364 (webtiles) character file.

3952 Foomius the Carver (level 10, -7/92 HPs)
             Began as a Deep Dwarf Fighter on Mar 5, 2016.
             Was a Believer of Pakellas.
             Killed from afar by a lava snake (10 damage)
             ... with a glob of lava
             ... on level 8 of the Dungeon on Mar 6, 2016.
             The game lasted 00:55:57 (8480 turns).

Foomius the Carver (Deep Dwarf Fighter)             Turns: 8480, Time: 00:55:57

Health: -7/92      AC:  8    Str: 23    XL:     10   Next: 2%
Magic:  2/14       EV: 20    Int:  9    God:    Pakellas [**....]
Gold:   345        SH: 12    Dex: 19    Spells: 0 memorised, 9 levels left

rFire  . . .     SeeInvis .     a - +0 long sword
rCold  + . .     Gourm    .     C - +0 scale mail
rNeg   . . .     Faith    .     c - +0 shield
rPois  .         Spirit   .     (helmet restricted)
rElec  .         Dismiss  .     (no cloak)
rCorr  .         Reflect  +     m - +0 pair of gloves
SustAt .         Harm     .     (no boots)
MR     +....                    J - +2 amulet of reflection
Stlth  +.........               G - +4 ring of evasion
                                P - ring of Curiosity {rC+ Str+2}

@: agile, non-regenerating, somewhat resistant to hostile enchantments, very
unstealthy
A: damage resistance, recharge devices, antennae 1, blurry vision 1, low mp 1,
sense surroundings 2, slow regeneration 3, MP-powered wands
a: Device Recharging, Quick Charge, Renounce Religion


You were on level 8 of the Dungeon.
You worshipped Pakellas.
Pakellas was pleased with you.
You were not hungry.

You visited 2 branches of the dungeon, and saw 9 of its levels.
You also visited: Sewer and Ossuary.

You collected 345 gold pieces.

Inventory:

Hand Weapons
 a - a +0 long sword (weapon)
 b - a +0 blowgun
Missiles
 i - 263 stones
 p - 36 sling bullets
 s - 3 tomahawks
 H - 12 poisoned needles
 N - a javelin (quivered)
Armour
 c - a +0 shield (worn)
 m - a +0 pair of gloves (worn)
 C - a +0 scale mail (worn)
Jewellery
 k - a +2 ring of evasion
 q - a +4 ring of strength
 r - an uncursed ring of ice
 u - an uncursed ring of flight
 F - an uncursed ring of sustain attributes
 G - a +4 ring of evasion (right hand)
 J - a +2 amulet of reflection (around neck)
 O - a cursed -3 ring of protection {unknown}
 P - the ring of Curiosity (left hand) {rC+ Str+2}
   (You found it on level 7 of the Dungeon)

   [ring of protection from cold]

   It affects your strength (+2).
   It protects you from cold.
Wands
 e - a wand of heal wounds (4/9)
 l - a wand of polymorph (9/24)
 L - a wand of lightning (10/15)
 R - a wand of paralysis (13/24)
Scrolls
 g - 2 scrolls of fear {unknown}
 j - 4 scrolls of identify
 n - a scroll of noise {unknown}
 o - a scroll of recharging
 t - a scroll of teleportation {unknown}
 x - 2 scrolls of immolation {unknown}
 z - 3 scrolls of magic mapping
 B - a scroll of fog {unknown}
 D - 2 scrolls of remove curse
 I - a scroll of enchant armour {unknown}
 M - a scroll of blinking {unknown}
Potions
 d - 3 potions of brilliance
 v - a potion of agility
 E - a potion of flight
Books
 y - a book of Maledictions

   Spells                             Type                      Level
   a - Corona                         Hexes                        1
   b - Ensorcelled Hibernation        Hexes/Ice                    2
   c - Confuse                        Hexes                        3
   d - Tukima's Dance                 Hexes                        3
   e - Dazzling Spray                 Conjuration/Hexes            3
 Q - Sif Muna's Disquisition on Cloudy Companions
   (You found it on level 8 of the Dungeon)

   Spells                             Type                      Level
   a - Summon Butterflies             Summoning                    1
   b - Swiftness                      Charms/Air                   2
   c - Recall                         Summoning/Translocation      3
   d - Airstrike                      Air                          4
   e - Summon Mana Viper              Hexes/Summoning              5
   f - Summon Demon                   Summoning                    5
Comestibles
 f - 11 bread rations
 w - a chunk of flesh
 A - 3 meat rations
 K - 2 fruits


   Skills:
 + Level 6.7 Fighting
 + Level 9.4 Long Blades
 - Level 5.4 Armour
 - Level 5.0 Dodging
 - Level 4.0 Shields
 + Level 7.8 Evocations


You had 9 spell levels left.
You didn't know any spells.

Dungeon Overview and Level Annotations

Branches:
Dungeon (8/15)             Temple (1/1) D:4
   Lair: D:8-11

Altars:
Ashenzari
Dithmenos
Elyvilon
Fedhas
Gozag
Kikubaaqudgha
Makhleb
Nemelex Xobeh
Okawaru
Pakellas
Qazlal
Ru
Sif Muna
Trog
Vehumet
Xom
Yredelemnul
Zin
The Shining One


Innate Abilities, Weirdness & Mutations

You are resistant to damage.
You can recharge devices by infusing magical energy.
You passively map the area around you.
You do not regenerate naturally.
You have a pair of small antennae on your head.
Scrolls take you a little longer to read.
Your magical capacity is low (-10% MP).
You expend magic power (3 MP) to strengthen your wands.


Message History

You reflect the arrow of frost off an invisible shield around you!
The arrow of frost barely misses the centaur.
Drink which item? (? for menu, Esc to quit)
You feel agile all of a sudden.
The centaur shoots an arrow of frost.
The arrow of frost misses you.
The centaur shoots an arrow of frost.
You reflect the arrow of frost off an invisible shield around you!
The arrow of frost hits the centaur!
The arrow of frost freezes the centaur.
The centaur dies!
Things that are here:
an arrow of frost; a giant club
Things that are here:
a shortbow; 5 arrows of frost You open the door.
A lava snake comes into view.
There is an open door here.
The lava snake spits lava at you. The glob of lava hits you!
You die...
Pakellas says: Time to find a new assistant...

,
..........#
* ,,
........###
, ........#
, ........##
*, ,
#######..#
,##≈≈§≈≈##.#
#≈§S≈≈§≈#.#
* *
#≈≈§≈§§≈#.#
'...8...@.#
*#≈≈≈≈≈≈≈###
#≈≈≈≈≈≈≈#
##≈≈≈≈§##
######


You could see a lava snake.

Vanquished Creatures
  Pikel (D:4)
  A manticore (D:7)
  Sigmund (D:5)
  A spriggan (D:7)
  A hippogriff (D:6)
  Eustachio (D:6)
  Edmund (D:4)
  3 orc warriors
  2 ice beasts
  A phantom (D:4)
  A necrophage (D:7)
  3 ogres
  A centaur (D:6)
  A crocodile (Sewer)
  4 giant frogs
  2 scorpions
  4 crimson imps (D:6)
  3 hounds
  2 jellies (D:5)
  A quasit (D:6)
  An orc priest (D:3)
  An iguana (D:4)
  2 orc wizards
  6 worker ants
  2 big kobold zombies (Ossuary)
  3 hound zombies (Ossuary)
  4 mummies (Ossuary)
  A gnoll (D:1)
  8 adders
  2 shadow imps
  2 oozes
  An adder zombie (Ossuary)
  An adder skeleton (D:4)
  A worm (D:4)
  2 dart slugs
  2 giant geckos
  21 orcs
  7 bats
  3 giant cockroaches
  10 goblins
  5 hobgoblins
  8 jackals
  12 kobolds
  A quokka (D:3)
  A ball python (D:1)
  3 giant newts
  A gnoll zombie (Ossuary)
  2 goblin zombies (Ossuary)
  A jackal skeleton (D:4)
  A jackal zombie (Ossuary)
  An orc zombie (Ossuary)
  A quokka skeleton (D:7)
  8 rats
  A spectral orc (D:4)
161 creatures vanquished.

Vanquished Creatures (others)
  A phantom (D:4)
  A centaur (D:8)
  An orc wizard (D:5)
  A hound zombie (Ossuary)
  An adder (D:4)
  An orc (D:5)
6 creatures vanquished.

Grand Total: 167 creatures vanquished

Notes
Turn   | Place    | Note
--------------------------------------------------------------
     0 | D:1      | Foomius the Deep Dwarf Fighter began the quest for the Orb.
     0 | D:1      | Reached XP level 1. HP: 20/20 MP: 1/1
   110 | D:1      | Reached XP level 2. HP: 22/27 MP: 2/2
   515 | D:1      | Reached XP level 3. HP: 19/33 MP: 3/3
  1371 | D:2      | Found a glowing golden altar of the Shining One.
  1381 | D:2      | Reached skill level 3 in Long Blades
  1872 | D:3      | Reached XP level 4. HP: 19/42 MP: 4/4
  1891 | D:3      | Reached skill level 4 in Long Blades
  2111 | D:2      | Reached XP level 5. HP: 47/49 MP: 5/5
  2543 | D:2      | Found a blossoming altar of Fedhas.
  2544 | D:2      | Found an ancient bone altar of Kikubaaqudgha.
  2650 | D:2      | Found a bloodstained altar of Trog.
  3273 | D:4      | Reached skill level 5 in Long Blades
  3287 | D:4      | Noticed an ogre
  3319 | D:4      | Killed an ogre
  3361 | D:4      | Reached XP level 6. HP: 45/56 MP: 6/6
  3407 | D:4      | Found a staircase to the Ecumenical Temple.
  3425 | D:4      | Found a glowing drain.
  3456 | D:4      | Reached skill level 1 in Dodging
  3471 | Sewer    | Entered a sewer
  3724 | Temple   | Entered the Ecumenical Temple
  3809 | Temple   | Became a worshipper of Pakellas the Inventive
  3998 | D:4      | Noticed Edmund
  4207 | D:4      | Gained mutation: You expend magic power (3 MP) to strengthen your wands. [potion of mutation]
  4207 | D:4      | Gained mutation: Your magical capacity is low (-10% MP). [potion of mutation]
  4207 | D:4      | Gained mutation: Your body sometimes deteriorates upon taking damage. [potion of mutation]
  4238 | D:4      | Reached skill level 6 in Long Blades
  4238 | D:4      | Reached skill level 1 in Evocations
  4238 | D:4      | Reached XP level 7. HP: 11/64 MP: 5/7
  4315 | D:3      | Gained mutation: Scrolls take you a little longer to read. [potion of mutation]
  4315 | D:3      | Gained mutation: You have a pair of small antennae on your head. [potion of mutation]
  4315 | D:3      | Lost mutation: Your body sometimes deteriorates upon taking damage. [potion of mutation]
  4320 | D:4      | Found a basalt altar of Yredelemnul.
  4334 | D:4      | Noticed a green death
  4336 | D:4      | Noticed Pikel
  4337 | D:4      | Found a burning altar of Makhleb.
  4436 | D:4      | Found a glowing silver altar of Zin.
  4436 | D:4      | Noticed an angel
  4570 | D:5      | Entered Level 5 of the Dungeon
  4640 | D:5      | Found a radiant altar of Vehumet.
  5133 | D:5      | Found an opulent altar of Gozag.
  5134 | D:5      | Found a sparkling altar of Nemelex Xobeh.
  5156 | D:5      | Noticed Sigmund
  5197 | D:5      | Killed Sigmund
  5423 | D:5      | Found a shimmering altar of Xom.
  5425 | D:5      | Found a shattered altar of Ashenzari.
  5575 | D:4      | Killed Pikel
  5575 | D:4      | Reached * piety under Pakellas
  5575 | D:4      | Reached skill level 7 in Long Blades
  5575 | D:4      | Reached XP level 8. HP: 29/73 MP: 7/9
  5638 | D:4      | Killed Edmund
  5638 | D:4      | Reached skill level 5 in Fighting
  5671 | D:4      | Found a stormy altar of Qazlal.
  6367 | D:6      | Reached skill level 8 in Long Blades
  6507 | D:6      | Reached skill level 5 in Evocations
  6535 | D:6      | Found a sacrificial altar of Ru.
  6652 | D:6      | Found a sand-covered staircase.
  6662 | Ossuary  | Entered an ossuary
  6715 | Ossuary  | Gained mutation: You passively map the area around you. [Deep Dwarf growth]
  6715 | Ossuary  | Reached XP level 9. HP: 47/81 MP: 11/11
  6763 | Ossuary  | Reached skill level 5 in Dodging
  6890 | Ossuary  | Reached ** piety under Pakellas
  6890 | Ossuary  | Received a gift from Pakellas
  7125 | D:6      | Noticed Eustachio
  7141 | D:6      | Killed Eustachio
  7455 | D:6      | Upgraded the game from 0.18-a0-1507-g69458e0 to 0.18-a0-1514-g6ed9364
  7502 | D:7      | Noticed a manticore
  7526 | D:7      | Killed a manticore
  7526 | D:7      | Reached skill level 5 in Armour
  7529 | D:7      | Reached skill level 9 in Long Blades
  7725 | D:7      | Found a sacrificial altar of Ru.
  8091 | D:7      | Got a coiled marble ring
  8093 | D:7      | Identified the ring of Curiosity {rC+ Str+2} (You found it on level 7 of the Dungeon)
  8287 | D:8      | Identified Sif Muna's Disquisition on Cloudy Companions
  8366 | D:8      | Reached XP level 10. HP: 7/92 MP: 4/14
  8431 | D:8      | HP: 3/92 [centaur/arrow of frost (3)]
  8480 | D:8      | Killed from afar by a lava snake

Vault maps used:
D:1:      dpeg_arrival_radiant
D:2:      grunt_temple_overflow_growth_and_decay, old_standard_altar,
          lightli_temple_of_fire, first_bread
D:3:      grunt_ministairs_8
D:4:      grunt_temple_overflow_order_and_chaos_2,
          yredelemnul_forgotten_temple_becter, old_standard_altar,
          minmay_temple_entry_purple_smoke, portal_sewer_entry_d, uniq_edmund,
          uniq_pikel
D:5:      grunt_temple_overflow_opulence, fiery_altar_vehumet,
          nicolae_overflow_hidden_temple, uniq_sigmund
D:6:      nicolae_ossuary_entry_ruins, serial_bayou_pond_c,
          nicolae_ru_great_annihilating_truth, uniq_eustachio
D:7:      kennysheep_mini, the_bakery
D:8:      cheibrodos_worm_habitat, serial_shops, nicolae_shop_crystal,
          nrook_loot_triangle, grunt_ministairs_14, kennysheep_flooded_box
Temple:   nicolae_temple_hex_pool_5
Sewer:    sewer_the_crocodile
Ossuary:  ossuary_minmay_tomb_2a

Skill      XL: |  1  2  3  4  5  6  7  8  9 |
---------------+----------------------------+-----
Fighting       | 3 4 5 6 |  6.7
Long Blades    | 3 4 5 6 7 8 9 |  9.4
Shields        | 4 |  4.0
Dodging        | 2 4 5 |  5.0
Evocations     | 1 3 5 7 |  7.8
Armour         | 5 |  5.4

Action                   |  1- 3 |  4- 6 |  7- 9 | 10-12 || total
-------------------------+-------+-------+-------+-------++-------
Melee: Long sword        |   172 |   160 |   502 |       ||   834
 Fire: Blowgun           |       |       |     9 |       ||     9
Throw: Stone             |    11 |    18 |    41 |       ||    70
       Tomahawk          |     4 |    10 |     3 |       ||    17
       Javelin           |       |    28 |    28 |       ||    56
Invok: Quick Charge      |       |       |     3 |     1 ||     4
Evoke: Wand              |     1 |     4 |     9 |       ||    14
  Use: Potion            |       |     2 |    14 |     1 ||    17
       Scroll            |       |     1 |     8 |     1 ||    10
 Stab: Invisible         |       |       |     7 |       ||     7
  Eat: Chunk             |     3 |     8 |     8 |     1 ||    20
       Royal jelly       |       |       |     1 |       ||     1
       Pizza             |       |       |     1 |       ||     1
       Beef jerky        |       |       |     3 |       ||     3
